 Dungeon Crawl Stone Soup version 0.20-a0-901-g27f6fa8 (webtiles) character file.

2766 Rrauwl the Carver (level 9, -3/65 HPs)
             Began as a Barachi Fighter on Mar 19, 2017.
             Was a Priest of Okawaru.
             Slain by an elephant (8 damage)
             ... on level 8 of the Dungeon.
             The game lasted 00:42:38 (7629 turns).

Rrauwl the Carver (Barachi Fighter)                 Turns: 7629, Time: 00:42:39

Health: -3/65      AC: 14    Str: 25    XL:     9   Next: 69%
Magic:  0/10       EV:  6    Int:  8    God:    Okawaru [***...]
Gold:   314        SH: 12    Dex: 11    Spells: 8/8 levels left

rFire    + . .     SeeInvis +   c - staff of fire (curse)
rCold    + . .     Gourm    .   v - +2 chain mail "Sogala Qiuw" {*Drain rElec rPois SInv}
rNeg     . . .     Faith    .   g - +2 shield
rPois    +         Spirit   +   (no helmet)
rElec    +         Reflect  .   l - +1 cloak
rCorr    .         Harm     .   i - +0 pair of gloves (curse)
MR       .....                  (no boots)
Stlth    ..........             q - amulet of guardian spirit
Regen    0.2/turn               w - -2 ring of dexterity (curse)
MPRegen  0.2/turn               s - ring of protection from cold

@: mighty, very slightly contaminated, slow
A: +LOS, swims, slowness 1, strong legs 1
a: Hop, Heroism, Renounce Religion


You were on level 8 of the Dungeon.
You worshipped Okawaru.
Okawaru was most pleased with you.
You were not hungry.

You visited 2 branches of the dungeon, and saw 9 of its levels.

You collected 314 gold pieces.

Inventory:

Hand Weapons
 j - a +1 falchion of holy wrath
Armour
 g - a +2 shield (worn)
 i - a cursed +0 pair of gloves (worn)
 l - a +1 cloak (worn)
 v - the +2 chain mail "Sogala Qiuw" (worn) {*Drain rElec rPois SInv}
   (You found it on level 5 of the Dungeon)

   It insulates you from electricity.
   It protects you from poison.
   It lets you see invisible.
   It causes draining when unequipped.
 x - a cursed +0 pair of gloves
Magical Staves
 c - a cursed staff of fire (weapon)
 d - an uncursed staff of cold
Jewellery
 q - an amulet of guardian spirit (around neck)
 s - a ring of protection from cold (left hand)
 w - a cursed -2 ring of dexterity (right hand)
Wands
 p - a wand of polymorph (15/24)
 r - a wand of acid (1/15)
 y - a wand of iceblast (10/15)
 z - a wand of polymorph (8/24)
 A - a wand of polymorph (8/24)
Scrolls
 b - 2 scrolls of noise
 e - 4 scrolls of identify
 k - 4 scrolls of teleportation
 o - a scroll of blinking
Potions
 m - a potion of brilliance
 n - a potion of flight
 B - a potion of curing
Books
 a - a book of Cantrips

   Spells                             Type                      Level
   a - Confusing Touch                Hexes                        1
   b - Animate Skeleton               Necromancy                   1
   c - Summon Small Mammal            Summoning                    1
   d - Apportation                    Translocation                1
Comestibles
 f - 4 bread rations
 h - 5 meat rations
 C - 3 royal jellies
 D - 2 chunks of flesh


   Skills:
 + Level 4.2 Fighting
 + Level 14.1 Long Blades
 + Level 4.0 Armour
 + Level 1.3 Dodging
 + Level 4.0 Shields
 + Level 1.3 Invocations
 + Level 1.0 Evocations


You had 8 spell levels left.
You didn't know any spells.

Dungeon Overview and Level Annotations

Branches:
Dungeon (8/15)             Temple (1/1) D:4            Lair (0/6) D:8

Altars:
Ashenzari
Cheibriados
Dithmenos
Elyvilon
Fedhas
Gozag
Hepliaklqana
Kikubaaqudgha
Makhleb
Nemelex Xobeh
Okawaru
Qazlal
Ru
Sif Muna
Trog
Uskayaw
Vehumet
Wu Jian
Xom
Yredelemnul
Zin
The Shining One

Shops:
D:4 ?

Annotations:
D:7 Joseph


Innate Abilities, Weirdness & Mutations

Shadows flee at your approach. (+LOS)
You can swim through water.
You cover ground slowly.
You can hop short distances.


Message History

You hit the elephant!
The elephant is lightly wounded.
The elephant tramples you but does no damage.
You block the elephant's attack. The elephant tramples you.
* * * LOW HITPOINT WARNING * * *
You hold your ground!
The elephant trunk-slaps you but does no damage.
You hit the elephant!
The elephant is moderately wounded.
The elephant tramples you but does no damage.
You block the elephant's attack.
You hit the elephant but do no damage.
The elephant is moderately wounded.
The elephant tramples you!
* * * LOW HITPOINT WARNING * * *
You hold your ground!
You block the elephant's attack.
You hit the elephant.
The elephant is moderately wounded.
The elephant tramples you!
You die...

#.#...c......##...##
#.....##########.##
#.....# #)# ###.### #.#
#.# ##(## #.# ##(..##
##(###### ##.....## #
#.......####.......## ##
#.......@...........####.
#......Y.....(......'.>..
#.......#.#.........##.##
##.##..)..#........###.#
#.##.##..#(#.....## #.#*
#.##.##..#.##...## #..,
#.##.##..#.###+## ###,
#........(.# *.# *,
#######.#### *.# *,


You could see an elephant.

Vanquished Creatures
  Prince Ribbit (D:6)
  Grinder (D:5)
  Sigmund (D:4)
  A hungry ghost (D:5)
  An ice beast (D:5)
  An ogre (D:5)
  2 phantoms
  3 centaurs
  Blork the orc (D:5)
  2 bullfrogs
  A wyvern zombie (D:6)
  2 scorpions
  A wight (D:6)
  A howler monkey (D:5)
  2 crimson imps (D:6)
  3 hounds
  A centaur skeleton (D:5)
  2 jellies
  7 orc priests
  5 orc wizards
  Jessica (D:3)
  3 iguanas
  Terence (D:3)
  5 worker ants
  A killer bee zombie (D:7)
  7 gnolls
  8 adders
  3 adder skeletons
  4 worms
  A leopard gecko (D:6)
  21 orcs
  A ball python (D:5)
  5 giant cockroaches
  5 hobgoblins
  3 jackals (D:1)
  6 quokkas
  8 bats
  5 frilled lizards
  A giant cockroach zombie (D:3)
  11 goblins
  9 kobolds
  3 quokka skeletons
  6 rats
157 creatures vanquished.

Notes
Turn   | Place    | Note
-------+----------+-------------------------------------------
     0 | D:1      | Rrauwl the Barachi Fighter began the quest for the Orb.
     0 | D:1      | Reached XP level 1. HP: 18/18 MP: 1/1
   218 | D:1      | Reached skill level 3 in Long Blades
   274 | D:1      | Reached XP level 2. HP: 24/24 MP: 2/2
   653 | D:2      | Reached skill level 4 in Long Blades
   653 | D:2      | Reached XP level 3. HP: 26/29 MP: 3/3
   801 | D:2      | Found a blossoming altar of Fedhas.
  1397 | D:2      | Reached skill level 5 in Long Blades
  1397 | D:2      | Reached XP level 4. HP: 31/36 MP: 4/4
  1578 | D:3      | Noticed a bullfrog
  1578 | D:3      | Noticed a phantom
  1636 | D:3      | Killed a bullfrog
  1636 | D:3      | Reached skill level 6 in Long Blades
  1636 | D:3      | Reached XP level 5. HP: 8/41 MP: 5/5
  2221 | D:2      | Killed a phantom
  2221 | D:2      | Reached skill level 7 in Long Blades
  2221 | D:2      | Reached XP level 6. HP: 46/47 MP: 6/6
  2278 | D:3      | HP: 2/47 [orc priest/divine providence (9)]
  2554 | D:3      | Found a shattered altar of Ashenzari.
  2592 | D:3      | Noticed Jessica
  2603 | D:3      | Killed Jessica
  2603 | D:3      | Reached skill level 8 in Long Blades
  2645 | D:3      | Noticed Terence
  2659 | D:3      | Killed Terence
  3043 | D:4      | Found Dacuitas's Magic Scroll Emporium.
  3089 | D:4      | Found a staircase to the Ecumenical Temple.
  3129 | D:4      | Reached skill level 9 in Long Blades
  3129 | D:4      | Reached XP level 7. HP: 26/52 MP: 7/7
  3337 | Temple   | Entered the Ecumenical Temple
  3438 | Temple   | Became a worshipper of Warmaster Okawaru
  3739 | D:4      | Found a snail-covered altar of Cheibriados.
  4040 | D:4      | Noticed Sigmund
  4042 | D:4      | Killed Sigmund
  4083 | D:4      | Found a shattered altar of Ashenzari.
  4113 | D:5      | Entered Level 5 of the Dungeon
  4148 | D:5      | Reached * piety under Okawaru
  4154 | D:5      | Reached skill level 10 in Long Blades
  4242 | D:5      | Reached XP level 8. HP: 43/59 MP: 6/8
  4351 | D:5      | Found a bloodstained altar of Trog.
  4359 | D:5      | Got a smoking chain mail
  4370 | D:5      | Identified the +2 chain mail "Sogala Qiuw" {*Drain rElec rPois SInv} (You found it on level 5 of the Dungeon)
  4434 | D:5      | Reached skill level 11 in Long Blades
  4437 | D:5      | Noticed Blork the orc
  4457 | D:5      | Killed Blork the orc
  4510 | D:5      | Reached ** piety under Okawaru
  4554 | D:5      | Found a white marble altar of Elyvilon.
  4669 | D:5      | Noticed Grinder
  4673 | D:5      | Reached skill level 12 in Long Blades
  4696 | D:5      | Paralysed by Grinder for 3 turns
  4704 | D:5      | Killed Grinder
  5371 | D:5      | Reached skill level 13 in Long Blades
  5371 | D:5      | Reached XP level 9. HP: 26/64 MP: 3/9
  5833 | D:6      | Noticed Prince Ribbit
  5877 | D:6      | Killed Prince Ribbit
  5877 | D:6      | Reached *** piety under Okawaru
  5877 | D:6      | Reached skill level 14 in Long Blades
  6748 | D:6      | Reached skill level 1 in Dodging
  6748 | D:6      | Reached skill level 1 in Invocations
  7028 | D:7      | Noticed Joseph
  7456 | D:8      | Reached skill level 1 in Evocations
  7476 | D:8      | Noticed a centaur warrior
  7608 | D:8      | Noticed an elephant
  7608 | D:8      | a centaur warrior changed into an elephant
  7629 | D:8      | Slain by an elephant

Vault maps used:
D:1:      kennysheep_arrival_forest
D:2:      lemuel_crystal_altar, first_bread
D:3:      cheibrodos_ashenzari_chains, uniq_jessica, uniq_terence
D:4:      cheibriados_altar_1, marbit_many_paths, minmay_temple_entry_grid,
          serial_shops, shop_scrolls, uniq_sigmund
D:5:      kennysheep_mini_moat, basic_altar, uniq_grinder, uniq_blork_the_orc
D:6:      minmay_diamond_boxcup, uniq_prince_ribbit1
D:7:      uniq_joseph, uniq_menkaure
D:8:      lair_entry_dummy
Temple:   dpeg_five_rooms_temple

Skill      XL: |  1  2  3  4  5  6  7  8  9 |
---------------+----------------------------+-----
Long Blades    | 3 4 5 6 7 9 10 13 14 | 14.1
Fighting       | 4 |  4.2
Armour         | 4 |  4.0
Dodging        | 1 |  1.3
Invocations    | 1 |  1.3
Shields        | 4 |  4.0
Evocations     | 1 |  1.0

Action                   |  1- 3 |  4- 6 |  7- 9 || total
-------------------------+-------+-------+-------++-------
Melee: Long sword        |   114 |   148 |       ||   262
       Falchion          |       |    75 |   511 ||   586
       Staff             |       |       |    86 ||    86
Invok: Heroism           |       |       |     3 ||     3
 Abil: Hop               |       |     1 |     4 ||     5
Evoke: Wand              |       |       |     9 ||     9
  Use: Potion            |       |     7 |    10 ||    17
       Scroll            |       |     8 |     9 ||    17
  Eat: Chunk             |     2 |     6 |     8 ||    16
       Fruit             |       |       |     7 ||     7
       Royal jelly       |       |       |     1 ||     1
       Bread ration      |       |       |     1 ||     1
Armor: Scale mail        |    42 |    77 |       ||   119
       Plate armour      |       |    12 |    53 ||    65
       Chain mail        |       |       |   157 ||   157
Dodge: Dodged            |    35 |    59 |    68 ||   162
Block: Shield            |    49 |   109 |   222 ||   380
       Rpst.: Long sword |    10 |    12 |       ||    22
       Falchion          |       |     3 |    14 ||    17
